 Dungeon Crawl Stone Soup version 0.21.1-1-g345015f (webtiles) character file.

8883 4thArraOfDagon the Grappler (level 11, -6/100 HPs)
             Began as a Troll Necromancer on June 9, 2018.
             Was a Priest of the Shining One.
             Mangled by a komodo dragon (38 damage)
             ... on level 15 of the Dungeon.
             The game lasted 00:18:59 (3806 turns).

4thArraOfDagon the Grappler (Troll Necromancer)     Turns: 3806, Time: 00:18:59

Health: -6/100     AC:  7    Str: 18    XL:     11   Next: 15%
Magic:  15/15      EV: 11    Int: 14    God:    the Shining One [***...]
Gold:   509        SH:  0    Dex: 10    Spells: 10/16 levels left

rFire    . . .     SeeInvis .     - Unarmed
rCold    . . .     Gourm    +   (no shield)
rNeg     + . .     Faith    .   o - +2 robe
rPois    .         Spirit   .   (helmet restricted)
rElec    .         Reflect  .   (no cloak)
rCorr    +         Harm     +   (gloves unavailable)
MR       .....                  (boots unavailable)
Stlth    +.........             u - amulet of harm
HPRegen  0.66/turn              x - ring of resist corrosion
MPRegen  0.14/turn              (no ring)

@: glowing
A: large, unfitting armour, claws 3, fast metabolism 3, gourmand, regeneration
1, shaggy fur 1, tough skin 2
a: Divine Shield, Renounce Religion


You were on level 15 of the Dungeon.
You worshipped the Shining One.
The Shining One was most pleased with you.
You were very full.

You visited 1 branch of the dungeon, and saw 15 of its levels.
You also visited: Labyrinth.

You collected 509 gold pieces.

Inventory:

Hand Weapons
 h - a +2 scythe of venom
 D - the +7 long sword of Aditiym {slice, rElec Int+3 Dex+2, unknown}
   (You found it on level 8 of the Dungeon)

   It inflicts extra damage upon your enemies.
   It affects your intelligence (+3).
   It affects your dexterity (+2).
   It insulates you from electricity.
Missiles
 C - 4 large rocks (quivered)
 I - a throwing net
Armour
 o - a +2 robe (worn)
Jewellery
 g - an uncursed ring of fire
 u - an amulet of harm (around neck)
 x - a ring of resist corrosion (left claw)
Wands
 s - a wand of iceblast (12)
 w - a wand of paralysis (43)
 E - a wand of digging (40)
 J - a wand of flame (88)
 L - a wand of acid (7)
 M - a wand of polymorph (5)
Scrolls
 a - a scroll of noise
 d - 2 scrolls of magic mapping
 e - 2 scrolls of identify
 f - a scroll of fog
 i - 3 scrolls of amnesia
 j - 2 scrolls of enchant weapon
 l - a scroll of immolation
 m - a scroll of acquirement {unknown}
 n - 3 scrolls of teleportation
 r - a scroll of enchant armour
 v - a scroll of blinking
 y - 2 scrolls of remove curse
 F - a scroll of fear
Potions
 q - 2 potions of lignification
 t - 2 potions of curing
 z - a potion of agility
 A - a potion of flight
 B - a potion of heal wounds
 G - a potion of cancellation
Books
 b - a book of Necromancy

   Spells                             Type                      Level
   a - Pain                           Necromancy                   1
   b - Animate Skeleton               Necromancy                   1
   c - Vampiric Draining              Necromancy                   3
   d - Regeneration                   Charms/Necromancy            3
   e - Animate Dead                   Necromancy                   4
   f - Borgnjor's Vile Clutch         Necromancy/Earth             5
   The Shining One disapproves of the use of such an item.
 k - a book of Air

   Spells                             Type                      Level
   a - Shock                          Conjuration/Air              1
   b - Swiftness                      Charms/Air                   2
   c - Static Discharge               Conjuration/Air              3
   d - Airstrike                      Air                          4
   e - Lightning Bolt                 Conjuration/Air              5
 K - a book of Minor Magic

   Spells                             Type                      Level
   a - Magic Dart                     Conjuration                  1
   b - Blink                          Translocation                2
   c - Call Imp                       Summoning                    2
   d - Slow                           Hexes                        2
   e - Conjure Flame                  Conjuration/Fire             3
   f - Mephitic Cloud                 Conjuration/Poison/Air       3
Miscellaneous
 H - a lamp of fire
Comestibles
 c - 20 rations


   Skills:
 + Level 4.1 Fighting
 + Level 4.6 Dodging
 - Level 1.0 Stealth
 * Level 12.5 Unarmed Combat
 + Level 3.4 Spellcasting
 - Level 3.2 Necromancy
 * Level 5.4 Earth Magic
 - Level 4.0 Invocations


You had 10 spell levels left.
You knew the following spells:

 Your Spells              Type           Power        Failure   Level  Hunger
a - Pain                  Necr           ##..         5%          1    #......
b - Borgnjor's Vile Clut  Necr/Erth      ##........   67%         5    ######.


Dungeon Overview and Level Annotations

Branches:
Dungeon (15/15)            Temple (0/1) D:6             Orc (0/2) D:11
 Depths (0/5) D:15
   Lair: D:8-11      Vaults: D:13-14

Altars:
Cheibriados
Hepliaklqana
Nemelex Xobeh
Ru
Uskayaw
The Shining One

Shops:
D:15 }


Innate Abilities, Weirdness & Mutations

You are too large for most types of armour.
You have claws for hands.
Your metabolism is lightning-fast.
You like to eat raw meat.
Your natural rate of healing is unusually fast.
You are covered in fur. (AC +1)
You have very tough skin. (AC +2)


Message History

an enchanted flail; a robe; a scale mail A komodo dragon comes into view.
The komodo dragon hisses angrily.
You barely miss the komodo dragon. The komodo dragon bites you!!
You scratch the komodo dragon but do no damage.
The komodo dragon bites you!
You completely miss the komodo dragon. The komodo dragon closely misses you.
You claw the komodo dragon!
The komodo dragon is heavily wounded.
The komodo dragon bites you!!
You are too injured to fight recklessly!
You are too injured to fight recklessly!
You are too injured to fight recklessly!
You scratch the komodo dragon.
The komodo dragon is severely wounded.
Unknown command.
You claw the komodo dragon!
The komodo dragon is almost dead.
The komodo dragon bites you!!
You die...

*,* *,** *,,*,,,,,.....
*,* *..# **,*,***,,..#.
*,* *#.# *,*,* *,,,..$
*,* #.# *,*,* ****#z.
*,* #.# *,*,* #.. *,*
#.# *,*,* ###o.
#.####.## *,*.##**#....
#....l..###.........#h(
*****#@.......#####*#.#
##.#############)#
#......).†......#
#################


You could see a komodo dragon.

Vanquished Creatures
  A minotaur (Lab)
  An unseen horror (D:15)
  Pikel (D:4)
  An ugly thing (D:11)
  A cyclops (D:8)
  A centaur skeleton (D:12)
  A komodo dragon (D:15)
  A redback zombie (D:15)
  A troll (D:11)
  A minotaur zombie (Lab)
  5 slime creatures (D:13)
  Sigmund (D:4)
  A vampire (D:12)
  A wyvern (D:14)
  3 yaks (D:9)
  A wraith (D:11)
  A warg (D:15)
  A soldier ant (D:11)
  4 orc warriors
  An ice beast (D:6)
  A sky beast (D:13)
  4 slaves (D:4)
  An eye of draining (D:15)
  2 ogres
  7 centaurs
  4 big kobolds (D:11)
  A bullfrog (D:11)
  A gnoll sergeant (D:11)
  Blork the orc (D:5)
  6 killer bees
  2 scorpions (D:4)
  A wight (D:15)
  A howler monkey (D:4)
  A crimson imp (D:11)
  A bullfrog zombie (D:5)
  2 quasits
  2 hounds
  2 orc wizards
  2 bullfrog skeletons
  3 orc priests
  2 iguanas
  Ijyb (D:5)
  Natasha (thrice) (D:4)
  3 worker ants
  3 worker ant zombies
  An adder (D:8)
  7 gnolls (D:11)
  3 shadow imps
  An adder skeleton (D:7)
  An adder zombie (D:5)
  A worm (D:3)
  2 dart slugs (D:2)
  A leopard gecko (D:4)
  19 orcs
  A bat (D:2)
  6 giant cockroaches
  2 goblins
  5 hobgoblins
  2 jackals (D:4)
  10 kobolds
  A frilled lizard (D:2)
  A goblin skeleton (D:5)
  A goblin zombie (D:5)
  3 hobgoblin zombies (D:5)
  A jackal zombie (D:5)
  3 kobold skeletons (D:5)
  2 orc skeletons (D:5)
  An orc zombie (D:5)
  A quokka skeleton (D:6)
  5 rats
167 creatures vanquished.

Notes
Turn   | Place    | Note
-------+----------+-------------------------------------------
     0 | D:1      | 4thArraOfDagon the Troll Necromancer began the quest for the Orb.
     0 | D:1      | Reached XP level 1. HP: 16/16 MP: 1/1
    43 | D:1      | Reached skill level 1 in Unarmed Combat
   110 | D:2      | Noticed a dagger
   111 | D:2      | Noticed a dagger
   112 | D:2      | Found a hide-covered altar of Uskayaw.
   130 | D:2      | Reached XP level 2. HP: 21/24 MP: 2/2
   141 | D:2      | Reached skill level 2 in Unarmed Combat
   235 | D:5      | Entered Level 5 of the Dungeon
   285 | D:5      | Noticed Blork the orc
   289 | D:5      | Found a glowing golden altar of the Shining One.
   308 | D:5      | Killed Blork the orc
   308 | D:5      | Reached skill level 3 in Unarmed Combat
   308 | D:5      | Reached XP level 3. HP: 31/31 MP: 3/3
   308 | D:5      | Reached XP level 4. HP: 39/39 MP: 4/4
   311 | D:5      | Reached skill level 4 in Unarmed Combat
   338 | D:5      | Became a worshipper of the Shining One
   347 | D:5      | Reached XP level 5. HP: 23/45 MP: 5/5
   427 | D:5      | Reached skill level 5 in Unarmed Combat
   458 | D:4      | Noticed a slave
   459 | D:4      | Noticed a slave
   484 | D:4      | Noticed Natasha
   493 | D:4      | Killed Natasha
   509 | D:4      | Killed a slave
   541 | D:4      | Noticed a slave
   542 | D:4      | Noticed a slave
   572 | D:4      | Killed a slave
   575 | D:4      | Killed a slave
   583 | D:4      | Killed a slave
   608 | D:4      | Noticed Sigmund
   633 | D:4      | Killed Sigmund
   633 | D:4      | Reached skill level 6 in Unarmed Combat
   633 | D:4      | Reached XP level 6. HP: 17/53 MP: 6/6
   650 | D:4      | Found a sparkling altar of Nemelex Xobeh.
   704 | D:4      | Noticed Natasha
   709 | D:4      | Killed Natasha
   743 | D:4      | Reached skill level 7 in Unarmed Combat
   750 | D:4      | Reached XP level 7. HP: 52/59 MP: 7/7
   772 | D:3      | Reached * piety under the Shining One
   829 | D:2      | Sergey: necromancer of TSO
   870 | D:3      | Sergey: she is happy
   870 | D:3      | 4thArraOfDagon: bit unconventional
   870 | D:3      | 4thArraOfDagon: but still good imo
   985 | D:4      | Reached skill level 8 in Unarmed Combat
   987 | D:4      | Noticed Natasha
   996 | D:4      | Killed Natasha
  1034 | D:4      | Found a hazy altar of Hepliaklqana.
  1057 | D:4      | Noticed Pikel
  1066 | D:4      | Killed Pikel
  1066 | D:4      | Reached skill level 9 in Unarmed Combat
  1066 | D:4      | Reached XP level 8. HP: 45/67 MP: 8/8
  1121 | D:5      | Noticed Ijyb
  1128 | D:5      | Killed Ijyb
  1138 | D:5      | Found a snail-covered altar of Cheibriados.
  1256 | D:6      | Reached skill level 10 in Unarmed Combat
  1338 | D:6      | Found a staircase to the Ecumenical Temple.
  1665 | D:7      | Reached ** piety under the Shining One
  1724 | D:8      | Found a glowing golden altar of the Shining One.
  1797 | D:8      | Noticed a cyclops
  1807 | D:8      | Killed a cyclops
  1807 | D:8      | Reached skill level 1 in Fighting
  1807 | D:8      | Reached skill level 1 in Invocations
  1807 | D:8      | Reached XP level 9. HP: 37/76 MP: 6/10
  1837 | D:8      | Got a polished long sword
  1933 | D:9      | Reached skill level 11 in Unarmed Combat
  2012 | D:9      | Found a sacrificial altar of Ru.
  2090 | D:10     | Entered Level 10 of the Dungeon
  2121 | D:10     | Learned a level 5 spell: Borgnjor's Vile Clutch
  2278 | D:11     | Reached skill level 1 in Earth Magic
  2459 | D:12     | Noticed a purple ugly thing
  2477 | D:11     | Killed a purple ugly thing
  2636 | D:11     | Reached XP level 10. HP: 85/89 MP: 12/12
  2655 | D:11     | Found a staircase to the Orcish Mines.
  2991 | D:12     | Reached *** piety under the Shining One
  3081 | D:13     | Reached skill level 12 in Unarmed Combat
  3369 | D:15     | Entered Level 15 of the Dungeon
  3389 | D:15     | Noticed an unseen horror
  3390 | D:15     | Killed an unseen horror
  3408 | D:15     | Reached skill level 5 in Earth Magic
  3447 | D:15     | Found a labyrinth entrance.
  3452 | Lab      | Entered a labyrinth
  3518 | Lab      | Noticed a minotaur
  3527 | Lab      | Killed a minotaur
  3527 | Lab      | Reached XP level 11. HP: 100/100 MP: 13/15
  3532 | Lab      | Identified the Tome of Sinister Magic
  3640 | D:15     | Found Buixonk's Gadget Shoppe.
  3770 | D:15     | Noticed an orc knight
  3806 | D:15     | Mangled by a komodo dragon

Skill      XL: |  1  2  3  4  5  6  7  8  9 10 |
---------------+-------------------------------+-----
Unarmed Combat | 1 3 4 6 7 9 10 11 12 | 12.5
Fighting       | 1 2 4 |  4.1
Dodging        | 2 3 4 |  4.6
Invocations    | 1 3 4 |  4.0
Spellcasting   | 2 3 |  3.4
Earth Magic    | 2 5 |  5.4
Stealth        | |  1.0
Necromancy     | |  3.2

Action                   |  1- 3 |  4- 6 |  7- 9 | 10-12 || total
-------------------------+-------+-------+-------+-------++-------
Melee: Unarmed           |    57 |   101 |   191 |   140 ||   489
       Punch             |       |       |     3 |     7 ||    10
Throw: Throwing net      |       |       |       |     3 ||     3
       Large rock        |       |       |       |     3 ||     3
Invok: Divine Shield     |       |       |     2 |     2 ||     4
Evoke: Wand              |       |       |     1 |     4 ||     5
  Use: Potion            |     2 |     1 |       |     2 ||     5
       Scroll            |       |       |       |    19 ||    19
  Eat: Chunk             |     5 |     6 |    17 |    13 ||    41
Armor: Robe              |    38 |    31 |    37 |    35 ||   141
       Skin              |     6 |    76 |       |       ||    82
Dodge: Dodged            |    40 |    65 |    71 |    61 ||   237
Block: Other             |       |       |     1 |     3 ||     4
